 Dungeon Crawl Stone Soup version 0.17.0-28-g6e173f8 (webtiles) character file.

265 Serenity3837 the Shield-Bearer (level 5, 0/70 HPs)
             Began as a Minotaur Fighter on Dec 2, 2015.
             Was an Initiate of Trog.
             Slain by a phantom (7 damage)
             ... on level 5 of the Dungeon.
             The game lasted 00:11:08 (2274 turns).

Serenity3837 the Shield-Bearer (Minotaur Fighter)   Turns: 2274, Time: 00:11:15

Health: 0/70       AC: 13    Str: 26    XL:     5   Next: 99%
Magic:  4/4        EV:  6    Int:  5    God:    Trog [......]
Gold:   165        SH: 10    Dex: 10    Spells: 0 memorised, 4 levels left

rFire  . . .     SeeInvis .     a - +0 war axe
rCold  . . .     Clarity  .     l - +0 plate armour (curse)
rNeg   . . .     SustAt   .     c - +0 shield
rPois  .         Gourm    .     (helmet restricted)
rElec  .         Spirit   .     (no cloak)
rCorr  .         Warding  .     n - +0 pair of gloves
rMut   .         Stasis   .     (no boots)
MR     .....                    (no amulet)
Stlth  ..........               (no ring)
                                (no ring)

@: berserking, very quick, not resistant to hostile enchantments, extremely
unstealthy
A: retaliatory headbutt, horns 2
a: Burn Spellbooks, Renounce Religion


You were on level 5 of the Dungeon.
You worshipped Trog.
Trog was noncommittal.
You were not hungry.

You visited 1 branch of the dungeon, and saw 5 of its levels.

You collected 199 gold pieces.
You paid 34 gold pieces to Gozag.

Inventory:

Hand Weapons
 a - a +0 war axe (weapon)
Armour
 b - a +0 scale mail
 c - a +0 shield (worn)
 j - a +0 large shield
 l - a cursed +0 plate armour (worn)
 n - a +0 pair of gloves (worn)
Scrolls
 e - a scroll of fog {unknown}
 g - 2 scrolls of identify {unknown}
 h - a scroll of enchant weapon {unknown}
 i - 2 scrolls of teleportation
 m - a scroll of remove curse {unknown}
 o - a scroll of amnesia {unknown}
 q - a scroll of recharging {unknown}
Potions
 f - 2 potions of heal wounds {unknown}
 k - a potion of poison {unknown}
Comestibles
 p - a bread ration
 r - a royal jelly


   Skills:
 + Level 4.7 Fighting
 + Level 3.6 Axes
 + Level 4.4 Armour
 + Level 2.2 Dodging
 + Level 5.7 Shields


You had 4 spell levels left.
You didn't know any spells.

Dungeon Overview and Level Annotations

Branches:
Dungeon (5/15)
 Temple: D:4-7

Altars:
Ashenzari
Elyvilon
Gozag
Trog
Xom


Innate Abilities, Weirdness & Mutations

You reflexively headbutt those who attack you in melee.
You have a pair of horns on your head.


Message History

The orc wizard hits you but does no damage.
The orc wizard hits you with a dagger.
* * * LOW HITPOINT WARNING * * *
Your shield and plate armour prevent you from hitting the orc wizard.
The orc wizard is severely wounded.
The orc wizard gestures wildly while chanting.
The orc wizard flickers and vanishes!
Deactivating autopickup; reactivate with Ctrl-A.
Something hits you but does no damage.
The phantom hits you but does no damage.
Drink which item? (? for menu, Esc to quit)
It was a potion of berserk rage.
A red film seems to cover your vision as you go berserk!
You feel yourself moving faster!
You feel mighty!
You hear some strange, mumbled words.
A puff of flame appears from out of thin air!
You block the puff of flame. Something hits you but does no damage.
The phantom hits you!
You die...
Xom guffaws!

#...####....##...........#
.######....####..........$..##...
.....#......###.............# o
...............#...........##
..####.....................#
##...$................#
##..................##
#..#..>.W{.........#
##......#.@...........
#.....####.........)... #.....#
##...#....###.. ###.....#
##.###...# .. #...# .. ..
#.....### #.. ####. ... # ....


You could see a phantom.

Vanquished Creatures
  An ice beast (D:5)
  2 orc wizards (D:3)
  A worker ant (D:4)
  A hound skeleton (D:5)
  A worker ant zombie (D:5)
  2 adders (D:4)
  2 oozes
  3 orcs (D:3)
  A ball python (D:4)
  4 bats
  3 goblins
  4 hobgoblins
  3 jackals (D:2)
  3 kobolds
  4 quokkas
  2 giant geckos
  A giant newt (D:4)
  A quokka skeleton (D:4)
  5 rats
44 creatures vanquished.

Notes
Turn   | Place    | Note
--------------------------------------------------------------
     0 | D:1      | Serenity3837 the Minotaur Fighter began the quest for the Orb.
     0 | D:1      | Reached XP level 1. HP: 19/19 MP: 0/0
   428 | D:1      | Reached skill level 4 in Shields
   526 | D:2      | Reached XP level 2. HP: 24/27 MP: 1/1
   601 | D:2      | Found a shimmering altar of Xom.
   601 | D:2      | Found a white marble altar of Elyvilon.
   613 | D:2      | Became a worshipper of Xom of Chaos
   743 | D:3      | XOM: potion effect (haste)
   750 | D:3      | Reached skill level 1 in Dodging
   750 | D:3      | Reached XP level 3. HP: 22/33 MP: 2/2
   755 | D:3      | Reached XP level 4. HP: 26/40 MP: 3/3
   759 | D:3      | XOM: divination: detect creatures
   839 | D:3      | Found an opulent altar of Gozag.
   872 | D:3      | Fell from the grace of Xom
   872 | D:3      | Became a worshipper of Gozag Ym Sagoz the Greedy
   876 | D:3      | Found a bloodstained altar of Trog.
   908 | D:3      | Found a shattered altar of Ashenzari.
   941 | D:3      | Fell from the grace of Gozag
   941 | D:3      | Became a worshipper of Trog the Wrathful
  1515 | D:4      | Reached skill level 5 in Shields
  1515 | D:4      | Reached XP level 5. HP: 42/47 MP: 4/4
  1559 | D:5      | Entered Level 5 of the Dungeon
  1564 | D:5      | Noticed an ice beast
  1581 | D:5      | Killed an ice beast
  1581 | D:5      | Was forgiven by Gozag
  2179 | D:5      | XOM: 3-stop teleportation journey
  2180 | D:5      | Noticed a phantom
  2274 | D:5      | Slain by a phantom

Action                   |  1- 3 |  4- 6 || total
-------------------------+-------+-------++-------
Melee: War axe           |    47 |   101 ||   148
  Use: Scroll            |       |     1 ||     1
       Potion            |       |     3 ||     3
  Eat: Bread ration      |       |     1 ||     1
